 Dungeon Crawl Stone Soup version 0.31-a0-506-g3d79149578 (webtiles) character file.

Game seed: 16292223131705775537

5422 MacCMillion the Grappler (level 10, -3/98 HPs)
             Began as a Troll Shapeshifter on Aug 9, 2023.
             Was a Believer of Okawaru.
             Succumbed to Grum's poison
             ... on level 8 of the Dungeon.
             The game lasted 00:14:07 (8283 turns).

MacCMillion the Grappler (Troll Shapeshifter)       Turns: 8283, Time: 00:14:07

Health: -3/98      AC:  4    Str: 29    XL:     10   Next: 40%
Magic:  12/12      EV:  9    Int:  4    God:    Okawaru [**....]
Gold:   520        SH:  0    Dex: 10    Spells: 9/9 levels left

rFire   . .          .
                       - Unarmed
rCold   . . .        (no shield)
rNeg    . . .        a - +0 animal skin
rPois   .            (helmet currently unavailable)
rElec   .            (cloak currently unavailable)
rCorr   .            (gloves unavailable)
SInv    .            (boots unavailable)
Will    +....        (no amulet)
Stlth   +            (no ring)
HPRegen 1.16/turn    (no ring)
MPRegen 0.13/turn

%: no passive effects
@: lethally poisoned (-3 -> -32), beast-form, enlightened, flying, studying
Armour
A: beast (slay +4), large, unfitting armour, claws 3, regeneration 1, shaggy fur
1, tough skin 1
a: Begin Untransformation, Renounce Religion, Heroism


You were on level 8 of the Dungeon.
You worshipped Okawaru.
Okawaru was pleased with you.
You were a hulking beast.
You visited 2 branches of the dungeon, and saw 9 of its levels.

You collected 520 gold pieces.

Inventory:

Missiles
 n - 6 curare-tipped darts
 y - 11 poisoned darts
 E - 4 large rocks
Armour
 a - a +0 animal skin (worn)
 G - a +1 cloak
Talismans
 c - a beast talisman (active)
 d - a flux talisman
Wands
 l - a wand of roots (17)
Scrolls
 e - a scroll of blinking {unknown}
 f - 5 scrolls of identify {unknown}
 g - a scroll of noise {unknown}
 h - 5 scrolls of teleportation {unknown}
 j - a scroll of enchant armour {unknown}
 p - 3 scrolls of fog {unknown}
 s - 2 scrolls of revelation {unknown}
 t - 2 scrolls of enchant weapon {unknown}
 v - a scroll of vulnerability {unknown}
 z - 2 scrolls of torment {unknown}
 A - a scroll of silence {unknown}
 F - a scroll of amnesia {unknown}
Potions
 b - a potion of mutation {unknown}
 i - a potion of enlightenment
 k - 2 potions of berserk rage {unknown}
 m - 3 potions of attraction {unknown}
 o - 2 potions of degeneration {unknown}
 q - 3 potions of curing {unknown}
 r - a potion of magic {unknown}
 u - 2 potions of might {unknown}
 w - a potion of invisibility {unknown}
 x - 2 potions of haste {unknown}
 B - a potion of resistance {unknown}
 C - a potion of heal wounds {unknown}
 D - 2 potions of lignification


   Skills:
 + Level 6.3 Fighting
 - Level 1.5 Dodging
 + Level 10.9 Unarmed Combat
 - Level 4.0 Invocations
 + Level 7.0 Shapeshifting


You had 9 spell levels left.
You didn't know any spells.
Your spell library contained the following spells:

 Spells                   Type           Power      Damage    Failure   Level
 Ensorcelled Hibernation  Hex/Ice        0%         N/A       65%         2
 Lesser Beckoning         Tloc           0%         N/A       65%         2
 Passwall                 Tmut/Erth      0%         N/A       65%         2
 Dazzling Flash           Conj/Hex       0%         N/A       86%         3
 Gell's Gravitas          Tloc           0%         N/A       86%         3
 Swiftness                Air            0%         N/A       86%         3
 Teleport Other           Tloc           0%         N/A       86%         3
 Volatile Blastmotes      Fire/Tloc      0%         2d10      86%         3
 Passage of Golubria      Tloc           0%         N/A       99%         4
 Yara's Violent Unravell  Hex/Tmut       0%         3d3       100%        5
 Starburst                Conj/Fire      0%         6d3       100%        6
 Maxwell's Capacitive Co  Air            0%         ∞         100%        8
 Tukima's Dance           Hex            Unusable   N/A       N/A         3

Dungeon Overview and Level Annotations

Branches:
Dungeon (8/15)             Temple (1/1) D:7
   Lair: D:8-11

Altars:
Ashenzari
Cheibriados
Dithmenos
Elyvilon
Fedhas
Gozag
Hepliaklqana
Kikubaaqudgha
Makhleb
Nemelex Xobeh
Okawaru
Qazlal
Ru
Trog
Uskayaw
Vehumet
Wu Jian
Xom
Yredelemnul
Zin
The Shining One

Annotations:
D:4 2 transporters, 1 runed translucent door, Crazy Yiuf; psellion's ghost, amateur FoHs
D:8 Grum


Innate Abilities, Weirdness & Mutations

You are a hulking beast.
Your limbs bulge with bestial killing power. (Slay +4)
You are too large for most types of armour.
You have claws for hands.
Your natural rate of healing is unusually fast.
You are covered in fur. (AC +1)
You have tough skin. (AC +1)


Message History

You mangle the wolf!!
The wolf is almost dead.
The wolf completely misses you.
You claw the wolf!
You kill the wolf!
Okawaru accepts your kill.
Grum bares his teeth.
The wolf closely misses you.
Your life force feels restored.
You barely miss the wolf. The wolf closely misses you.
You claw the wolf! x2
You kill the wolf!
Okawaru accepts your kill. The wolf bites you.
Your Shapeshifting skill increases to level 7!
You barely miss the wolf. The wolf bites you.
Grum hits you from afar with a +1 halberd of venom!!
You are poisoned.
You barely miss the wolf.
You feel very sick. The wolf barely misses you.
Unknown command.
You mangle the wolf!! Your claw misses the wolf.
The wolf is almost dead.
You feel very sick. The wolf bites you.
Grum hits you from afar with a +1 halberd of venom!!
The wolf bites you!
* * * LOW HITPOINT WARNING * * *
Unknown command.
You closely miss the wolf.
The wolf is almost dead.
You feel sick. The wolf closely misses you.
Grum hits you from afar with a +1 halberd of venom!!
* * * LOW HITPOINT WARNING * * *
You are lethally poisoned!
It was a potion of enlightenment.
You feel very buoyant.
You fly up into the air.
You die...

### #.# #.#
..# #.# #.#
..# #.# #.#
..# #.# #.#
..########.#
#.#
..'........#
#.#
..##########
#.#
..########
#.#
..........
#h#
..########
#h#
..........
g.#
..########
...# ..#
....# ..#
###.## ###
#.# #.# #.#


You could see Grum and a wolf.

Vanquished Creatures
  A two-headed ogre (D:8)
  Pikel (D:6)
  A gargoyle (D:7)
  Psyche (D:8)
  Grinder (D:3)
  Eustachio (D:4)
  A steam dragon (D:8)
  Menkaure (D:5)
  An orc warrior (D:6)
  2 sky beasts
  An ice beast (D:7)
  3 ogres
  2 centaurs
  2 wolves (D:8)
  3 lemures
  3 bullfrogs (D:7)
  Blork the orc (D:6)
  2 gnoll sergeants
  A scorpion (D:6)
  9 wights (D:8)
  8 killer bees
  4 hounds
  A crimson imp (D:3)
  A gnoll bouda (D:8)
  3 orc priests
  2 jellies (D:5)
  Jessica (D:3)
  6 iguanas
  6 orc wizards
  Robin (D:2)
  17 gnolls
  8 adders
  A shadow imp (D:6)
  A white imp (D:6)
  A worm (D:2)
  3 dart slugs
  24 orcs
  12 ball pythons
  10 endoplasms
  16 goblins
  9 hobgoblins
  9 jackals
  5 bats
  2 frilled lizards
  6 kobolds
  2 rats
197 creatures vanquished.

Notes
Turn   | Place    | Note
-------+----------+-------------------------------------------
     0 | D:1      | MacCMillion the Troll Shapeshifter began the quest for the
                  | Orb.
     0 | D:1      | Reached XP level 1. HP: 18/18 MP: 0/0
   222 | D:1      | Reached XP level 2. HP: 24/26 MP: 1/1
   597 | D:1      | Reached skill level 4 in Unarmed Combat
   757 | D:1      | Reached XP level 3. HP: 32/32 MP: 2/2
  1227 | D:2      | Reached XP level 4. HP: 40/40 MP: 3/3
  1364 | D:2      | Reached skill level 5 in Unarmed Combat
  1519 | D:3      | Noticed an ogre
  1581 | D:3      | Killed an ogre
  1582 | D:3      | Reached XP level 5. HP: 46/46 MP: 4/4
  1606 | D:3      | Noticed Grinder
  1622 | D:3      | Paralysed by Grinder for 5 turns
  1640 | D:3      | Paralysed by Grinder for 2 turns
  1682 | D:3      | Paralysed by Grinder for 4 turns
  1688 | D:3      | Killed Grinder
  1689 | D:3      | Reached skill level 7 in Unarmed Combat
  1689 | D:3      | Reached XP level 6. HP: 22/54 MP: 5/5
  1856 | D:3      | Noticed Robin
  2050 | D:2      | Killed Robin
  2093 | D:3      | Identified the +8 chain mail of the Enchanted Forest {rF+
                  | Str+3}
  2209 | D:3      | Noticed Jessica
  2216 | D:3      | Killed Jessica
  2442 | D:3      | Found a burning altar of Makhleb.
  2442 | D:3      | Found a shimmering altar of Xom.
  2583 | D:4      | Noticed Eustachio
  2585 | D:4      | Found a transporter.
  2588 | D:4      | Noticed psellion's ghost (amateur FoHs)
  2638 | D:4      | Killed Eustachio
  2639 | D:4      | Reached skill level 8 in Unarmed Combat
  2639 | D:4      | Reached skill level 1 in Fighting
  2639 | D:4      | Reached XP level 7. HP: 53/62 MP: 6/6
  2701 | D:4      | Found a runed translucent door.
  2702 | D:4      | Noticed Crazy Yiuf
  2723 | D:4      | Found a transporter.
  2872 | D:4      | Found an ornate altar of the Wu Jian Council.
  2897 | D:4      | Found a blossoming altar of Fedhas.
  3531 | D:5      | Entered Level 5 of the Dungeon
  3846 | D:5      | Reached XP level 8. HP: 57/74 MP: 7/7
  4207 | D:5      | Noticed Menkaure
  4217 | D:5      | Killed Menkaure
  4288 | D:5      | Reached skill level 9 in Unarmed Combat
  4701 | D:6      | Reached skill level 5 in Shapeshifting
  4932 | D:6      | Noticed Blork the orc
  4936 | D:6      | Killed Blork the orc
  5020 | D:6      | Noticed Pikel
  5199 | D:7      | Reached XP level 9. HP: 77/85 MP: 8/8
  5389 | D:6      | Killed Pikel
  5390 | D:6      | Reached skill level 5 in Fighting
  5390 | D:6      | Reached skill level 10 in Unarmed Combat
  5780 | D:6      | Found a shadowy altar of Dithmenos.
  5987 | D:7      | Found a staircase to the Ecumenical Temple.
  6101 | Temple   | Entered the Ecumenical Temple
  6105 | Temple   | Became a worshipper of Warmaster Okawaru
  6165 | D:7      | Noticed a gargoyle
  6169 | D:7      | Reached skill level 1 in Invocations
  6171 | D:7      | Killed a gargoyle
  6325 | D:7      | Reached * piety under Okawaru
  6459 | D:8      | Noticed Psyche
  7166 | D:8      | Killed Psyche
  7210 | D:8      | Reached XP level 10. HP: 96/96 MP: 12/12
  7475 | D:8      | Noticed a two-headed ogre
  7483 | D:8      | Killed a two-headed ogre
  7748 | D:8      | Reached ** piety under Okawaru
  8274 | D:8      | Noticed Grum
  8283 | D:8      | Succumbed to Grum's poison

Illustrated notes

Levels and vault maps discovered:
D:1:      dpeg_arrival_radiant, layout_loops_corners
D:2:      layout_basic, kennysheep_flooded_box, st_stairs_2, serial_bayou_lake_a
D:3:      layout_loops_ring, grunt_temple_overflow_champion_of_chaos, hex_tiny,
          uniq_grinder, uniq_jessica, uniq_robin
D:4:      layout_basic, mainiacjoe_overflow_big_doors, gammafunk_ghost_arena,
          serial_forest, infiniplex_forest_end_3, infiniplex_forest_clump_small,
          infiniplex_forest_lined_3, infiniplex_forest_straight_3,
          infiniplex_forest_lined_room_2, infiniplex_forest_3_way,
          infiniplex_forest_corner_1, grunt_decor_arrowhead,
          hangedman_abyss_or_decor_jellyfish_corner,
          nicolae_concentric_dashed_squares_mild, uniq_eustachio,
          uniq_crazy_yiuf_cottage
D:5:      layout_gridville, amcnicky_mini_pool_medium, uniq_menkaure
D:6:      layout_cave_pools, nicolae_dithmenos_through_a_glass_darkly,
          kennysheep_diamond, uniq_pikel, uniq_blork_the_orc
D:7:      layout_loops_cross, minmay_temple_entry_overgrown,
          kennysheep_generic_room_14
D:8:      layout_basic, uniq_grum, uniq_psyche
Temple:   nicolae_temple_x_marks_the_god

Skill      XL: |  1  2  3  4  5  6  7  8  9 10 |
---------------+-------------------------------+-----
Unarmed Combat | 4 5 7 8 9 10 | 10.9
Fighting       | 1 2 4 5 6 |  6.3
Shapeshifting  | 4 5 6 7 |  7.0
Invocations    | 4 |  4.0
Dodging        | |  1.5

Action                     |  1- 3 |  4- 6 |  7- 9 | 10-12 || total
---------------------------+-------+-------+-------+-------++-------
  Melee: Unarmed           |   104 |    91 |   255 |    67 ||   517
         Punch             |     2 |     2 |    10 |     7 ||    21
  Throw: Dart              |       |     1 |     1 |       ||     2
         Large rock        |       |       |     3 |       ||     3
 Invoke: Heroism           |       |       |       |     1 ||     1
    Use: Potion            |       |       |     1 |     1 ||     2
   Stab: Sleeping          |       |     1 |       |       ||     1
 Armour: Animal skin       |    41 |    27 |    57 |     7 ||   132
         Skin              |       |       |    22 |       ||    22
  Dodge: Dodged            |    36 |    32 |    99 |    28 ||   195

Table legend: (Time is in decaauts)
 A = Elapsed time spent in this place.
 B = Non-inter-level travel time spent in this place.
 C = Inter-level travel time spent in this place.
 D = Time resting spent in this place.
 E = Time spent auto-exploring this place.
 F = Levels seen in this place.
 G = Mean time per level.
                   A        B        C        D        E       F      G
               +--------+--------+--------+--------+--------+-----+--------+
         Total |   8222 |   7528 |    694 |   1189 |   4860 |   9 |  913.6 |
       Dungeon |   8213 |   7522 |    691 |   1189 |   4860 |   8 | 1026.6 |
        Temple |      8 |      5 |      3 |      0 |      0 |   1 |    8.0 |
               +--------+--------+--------+--------+--------+-----+--------+

Top non-repeatable levels by time:
     D:8: 1369 daAuts
     D:4: 1086 daAuts
     D:6: 1057 daAuts
     D:7: 1047 daAuts
     D:5: 1035 daAuts
     D:3: 955 daAuts
     D:1: 946 daAuts
     D:2: 715 daAuts
  Temple: 8 daAuts
